 Dungeon Crawl Stone Soup version 0.30.0-2-g1aa4bd4387 (webtiles) character file.

Game seed: 6188005568374625980

7 wpisznazwe the Trooper (level 2, -1/27 HPs)
             Began as a Hill Orc Fighter on May 7, 2023.
             Slain by a hobgoblin (4 damage)
             ... on level 1 of the Dungeon.
             The game lasted 00:00:38 (260 turns).

wpisznazwe the Trooper (Hill Orc Fighter)            Turns: 260, Time: 00:00:38

Health: -1/27      AC:  6    Str: 18    XL:     2   Next: 0%
Magic:  2/2        EV:  9    Int:  8    God:
Gold:   13         SH:  4    Dex: 10    Spells: 1/1 levels left

rFire   . . .        a - +0 trident
rCold   . . .        c - +0 buckler
rNeg    . . .        b - +0 scale mail
rPois   .            (no helmet)
rElec   .            (no cloak)
rCorr   .            (no gloves)
SInv    .            (no boots)
Will    .....        (no amulet) Stlth
                     (no ring)
HPRegen 0.24/turn    (no ring)
MPRegen 0.08/turn

%: no passive effects
@: lethally poisoned (-1 -> -2), hasted, very quick
A: no striking features
a: no special abilities


You were on level 1 of the Dungeon.
You visited 1 branch of the dungeon, and saw 2 of its levels.

You collected 13 gold pieces.

Inventory:

Hand Weapons
 a - a +0 trident (weapon)
Armour
 b - a +0 scale mail (worn)
 c - a +0 buckler (worn)
Scrolls
 e - a scroll of teleportation {unknown}
 f - a scroll of amnesia {unknown}
 h - a scroll of enchant weapon {unknown}
 i - a scroll of identify {unknown}
Potions
 d - a potion of might


   Skills:
 + Level 3.8 Fighting
 + Level 2.2 Polearms
 + Level 3.5 Armour
 + Level 3.4 Shields


You had one spell level left.
You didn't know any spells.
Your spell library was empty.

Dungeon Overview and Level Annotations

Branches:
Dungeon (2/15)

Altars:


Message History

The frilled lizard bites you but does no damage.
The endoplasm completely misses you. The adder closely misses you.
A mysterious force pulls you upwards. The hatch slams shut behind you.
You closely miss the frilled lizard. The adder completely misses you.
The frilled lizard bites you but does no damage.
The endoplasm freezes you.
You are frozen.
The hobgoblin barely misses you.
You closely miss the frilled lizard. The adder bites you.
You are poisoned.
The adder poisons you!
The endoplasm hits you but does no damage.
The hobgoblin hits you but does no damage.
The frilled lizard bites you. The adder bites you but does no damage.
Unknown command.
You closely miss the frilled lizard.
You feel sick. The endoplasm freezes you.
You are frozen.
The adder bites you but does no damage. The frilled lizard closely misses you.
The hobgoblin hits you but does no damage.
The endoplasm hits you but does no damage.
The hobgoblin hits you.
* * * LOW HITPOINT WARNING * * *
You block the adder's attack. The frilled lizard barely misses you.
It was a potion of haste.
You feel yourself speed up.
You feel sick. The adder bites you but does no damage.
The frilled lizard barely misses you. The endoplasm freezes you.
You are frozen.
* * * LOW HITPOINT WARNING * * *
You block the hobgoblin's attack.
Unknown command.
Okay, then.
You hit the adder.
The adder is lightly wounded.
You feel sick. The adder barely misses you.
You miss the adder.
The adder is lightly wounded.
You feel sick.
The endoplasm hits you but does no damage.
The frilled lizard misses you. The hobgoblin hits you.
You die...

.....##...~......................
....).....≈...#.#................
......#..#≈##.#.###..#...........
#####.#..#≈##.#.##...#....≈≈≈≈≈≈≈
#.#..#≈##.......#..####~...~#
#.#########.##.##.## .....#
#####...........##.##.# #...##
.......#######.#Jl.##.# ..##
.......†.......#@###..# ..
........######.Sg##..## ........#
##..##..## #.......#
#...#..########## ###.###.#
#..#..#.........# #. #.#
#....##.#######.# #.
#.#####...###.# #.#.......# #.#
..#.####### #.#


You could see an adder, an endoplasm, a hobgoblin and a frilled lizard.

Vanquished Creatures
  A ball python (D:1)
  2 endoplasms (D:1)
  A quokka (D:1)
  A kobold (D:1)
  A rat (D:1)
6 creatures vanquished.

Notes
Turn   | Place    | Note
-------+----------+-------------------------------------------
     0 | D:1      | wpisznazwe the Hill Orc Fighter began the quest for the
                  | Orb.
     0 | D:1      | Reached XP level 1. HP: 19/19 MP: 1/1
   217 | D:1      | Reached XP level 2. HP: 27/27 MP: 2/2
   241 | D:1      | You fall into a shaft and drop 1 floor!
   260 | D:1      | Slain by a hobgoblin

Illustrated notes

Levels and vault maps discovered:
D:1:      dpeg_arrival_rooms_a, layout_basic, serial_rivers,
          chequers_serial_rivers_micro_b, chequers_serial_rivers_marsh,
          chequers_serial_rivers_small_b, chequers_serial_rivers_micro_e,
          chequers_serial_rivers_small_a
D:2:      layout_rooms, uniq_jessica, uniq_crazy_yiuf_cottage

Action                     || total
---------------------------++-------
  Melee: Trident           ||    29
    Use: Potion            ||     1
 Armour: Scale mail        ||    23
  Dodge: Dodged            ||    13
  Block: Buckler           ||     9
